[Event "*** Titled Tuesday 3|2 Blitz"]
[Site "Chess.com"]
[Date "2017.03.07"]
[Round "8"]
[White "Yaacovn"]
[Black "PaulfromSPb"]
[Result "1-0"]
[WhiteElo "2596"]
[BlackElo "2532"]
[TimeControl "180+2"]
[EndTime "14:49:14 PST"]
[Termination "Yaacovn won by resignation"]

1. d4 Nf6 2. Nf3 e6 3. c4 b6 4. g3 Ba6 5. Qc2 Bb7 6. Bg2 c5 7. dxc5 Bxc5 8. O-O O-O 9. Nc3 Nc6 10. Rd1 Qe7 11.
Bg5 h6 12. Bxf6 Qxf6 13. Rxd7 Rab8 14. Ne4 Qg6 15. Nh4 Qh7 16. Qd1 Ne5 17. Rxb7 Rxb7 18. Nxc5 Rc7 19. Nd3 Nxc4 20. Rc1 Rd8 21. Qe1 Rdc8 22.
Nf3 Qf5 23. h4 Kh7 24. Kh2 Qf6 25. b3 Nd6 26. Rxc7 Rxc7 27. Qb4 Nf5 28. Qf4 Rc2 29.
Qe4 g6 30. a4 Nd6 31. Qb4 e5 32. Ndxe5 Rxe2 33. Ng4 Qe6 34. Qf4 Nf5 35. Nxh6 Qd6 36. Ng5+ 1-0

[Event "*** Titled Tuesday 3|2 Blitz"]
[Site "Chess.com"]
[Date "2017.03.07"]
[Round "8"]
[White "DrVelja"]
[Black "silverback96"]
[Result "1-0"]
[WhiteElo "2500"]
[BlackElo "2071"]
[TimeControl "180+2"]
[EndTime "14:49:16 PST"]
[Termination "DrVelja won by resignation"]

1. e4 e6 2. d4 d5 3. Nd2 Be7 4. Ngf3 Nf6 5. e5 Nfd7 6. Bd3 c5 7. c3 Nc6 8. O-O g5 9. dxc5 g4 10. Nd4 Ndxe5 11. Bb5 Bd7 12. Qe2 h5 13. f4 Nxd4 14.
cxd4 Bxb5 15. Qxb5+ Nc6 16. Qd3 Bf6 17. Nb3 Kd7 18.
Bd2 Qg8 19. Rae1 Qg7 20. f5 Nxd4 21. fxe6+ fxe6 22. Rxf6 Nxb3 23. Qb5+ Kc8 24. Rfxe6 Nxd2 25. Re8+ Rxe8 26. Qxe8+ Kc7 27. Re7+ Qxe7 28. Qxe7+ Kc6 29. Qe6+ Kc7 30. Qd6+ 1-0

[Event "*** Titled Tuesday 3|2 Blitz"]
[Site "Chess.com"]
[Date "2017.03.07"]
[Round "8"]
[White "platy3"]
[Black "SavelijTartakover"]
[Result "1-0"]
[WhiteElo "2597"]
[BlackElo "2576"]
[TimeControl "180+2"]
[EndTime "14:49:30 PST"]
[Termination "platy3 won by resignation"]

1. e4 c5 2. Nf3 d6 3. d4 cxd4 4.
Nxd4 Nf6 5. Nc3 Nc6 6. Bg5 e6 7. Qd2 Be7 8. O-O-O Nxd4 9. Qxd4 O-O 10. f4 h6 11. h4 Qa5 12. Qe3 Rd8 13. Qg3 Kf8 14. Kb1 b5 15. e5 dxe5 16. Rxd8+ Qxd8 17. fxe5 Nd7 18. Bxb5 Rb8 19. Bxe7+ Qxe7 20. Rf1 Qb4 21. a3 Qc5 22. Qd3 Qxe5 23. Bxd7 Ba6 24. Qxa6 Qxc3 25. Qd6+ 1-0

[Event "*** Titled Tuesday 3|2 Blitz"]
[Site "Chess.com"]
[Date "2017.03.07"]
[Round "8"]
[White "KNVB"]
[Black "1e41-0"]
[Result "0-1"]
[WhiteElo "2454"]
[BlackElo "2341"]
[TimeControl "180+2"]
[EndTime "14:49:56 PST"]
[Termination "1e41-0 won on time"]

1. d4 d5 2. c4 c6 3. Nf3 Nf6 4. e3 e6 5. Nc3 Nbd7 6. Qc2 Be7 7.
e4 dxe4 8. Nxe4 b6 9. Bd3 Bb7 10.
O-O O-O 11. Be3 Nxe4 12. Bxe4 Nf6 13. Rfd1 Qc7 14. c5 Rfd8 15. Bd3 b5 16. g3 h6 17.
Bf4 Qd7 18. Ne5 Qe8 19. Bf1 Nd5 20. Bd2 Bf6 21. Bg2 a5 22. h4 Ne7 23. Be3 Ra7 24.
Be4 Nd5 25. Bd2 Ba8 26. Be1 Bb7 27. Ng4 Be7 28. Kg2 b4 0-1

[Event "*** Titled Tuesday 3|2 Blitz"]
[Site "Chess.com"]
[Date "2017.03.07"]
[Round "8"]
[White "aa175"]
[Black "Shivagami"]
[Result "1-0"]
[WhiteElo "1859"]
[BlackElo "1937"]
[TimeControl "180+2"]
[EndTime "14:49:56 PST"]
[Termination "aa175 won by resignation"]

1. e4 e5 2. Nf3 Nc6 3. Bc4 Nf6 4.
Ng5 d5 5. exd5 Nxd5 6. Nxf7 Kxf7 7. Qf3+ Ke6 8. Nc3 Ne7 9. d4 c6 10. Bg5 h6 11. Bxe7 Bxe7 12. O-O-O Rf8 13. Qe4 Bg5+ 14. Kb1 Bf6 15. dxe5 Bg5 16. Nxd5 cxd5 17. Rxd5 Qe8 18. Rd8+ Ke7 19. Rxe8+ Rxe8 20. h4 Kf8 21. hxg5 hxg5 22.
Rh8+ Ke7 23. Rxe8+ Kxe8 24. Qg6+ Kd7 25. Qe6+ Kd8 26.
Qg8+ Kc7 27. Qxg7+ Kc6 28. Qf6+ Kc5 29. Be6 Bxe6 30.
Qxe6 Rh8 31. Qd6+ Kb5 32. Qd5+ Kb6 33. g4 Kc7 34. e6 Rd8 35. Qe5+ Kc8 36. Qc5+ Kb8 37.
b3 b6 38. Qe7 Rd1+ 39. Kb2 Kc8 40. Qxa7 1-0

[Event "*** Titled Tuesday 3|2 Blitz"]
[Site "Chess.com"]
[Date "2017.03.07"]
[Round "8"]
[White "spectralsoul"]
[Black "RoelandPruijssers"]
[Result "0-1"]
[WhiteElo "2611"]
[BlackElo "2517"]
[TimeControl "180+2"]
[EndTime "14:49:57 PST"]
[Termination "RoelandPruijssers won on time"]

1. e4 e5 2. Nf3 Nc6 3. Bc4 Bc5 4.
d3 Nf6 5. c3 d6 6. h3 a6 7. a4 Ba7 8. Nbd2 O-O 9. O-O h6 10.
Re1 Re8 11. b4 d5 12. exd5 Nxd5 13. Qb3 Be6 14. Nxe5 Nxe5 15. Rxe5 Qh4 16. d4 c6 17. Re4 Qf6 18. a5 Bf5 19. Rxe8+ Rxe8 20. Nf3 Be4 21.
Be2 Bxf3 22. Bxf3 Re1+ 23. Kh2 Bb8+ 0-1

[Event "*** Titled Tuesday 3|2 Blitz"]
[Site "Chess.com"]
[Date "2017.03.07"]
[Round "8"]
[White "Cayse"]
[Black "Astaneh"]
[Result "1-0"]
[WhiteElo "2570"]
[BlackElo "2521"]
[TimeControl "180+2"]
[EndTime "14:50:27 PST"]
[Termination "Cayse won by resignation"]

1. e4 e5 2. Nf3 Nc6 3. Bc4 Bc5 4.
c3 Nf6 5. d4 exd4 6. e5 d5 7. Bb5 Ne4 8. cxd4 Bb4+ 9. Bd2 Nxd2 10. Nbxd2 O-O 11. a3 Be7 12. O-O Bd7 13. Qe2 Re8 14.
Rac1 Bf8 15. Nb3 a6 16. Bd3 Bg4 17. h3 Bh5 18. Qe3 Ne7 19. Ng5 Bg6 20. Nc5 Qc8 21. Qf4 Nf5 22. Nxb7 Nxd4 23. Qxd4 Qxb7 24. b4 c6 25. Bxg6 hxg6 26. Qh4 1-0

[Event "*** Titled Tuesday 3|2 Blitz"]
[Site "Chess.com"]
[Date "2017.03.07"]
[Round "8"]
[White "MattyDPerrine"]
[Black "kereswasbest"]
[Result "1-0"]
[WhiteElo "2221"]
[BlackElo "2053"]
[TimeControl "180+2"]
[EndTime "14:50:35 PST"]
[Termination "MattyDPerrine won by resignation"]

1. Nf3 Nf6 2. g3 g6 3. Bg2 Bg7 4. O-O O-O 5. d4 d5 6. c4 c6 7.
Nbd2 Bf5 8. b3 Nbd7 9. Bb2 Ne4 10. Nh4 e6 11. f3 Nxd2 12. Qxd2 Bf6 13. Nxf5 exf5 14.
e4 fxe4 15. fxe4 dxe4 16. Bxe4 Nc5 17. Bg2 Ne6 18. Rxf6 Qxf6 19. d5 Qg5 20. Qc3 f6 21. dxe6 Rae8 22. Re1 Qc5+ 23. Qd4 Qxd4+ 24. Bxd4 f5 25.
Bxa7 Rf6 26. e7 Kf7 27. Bc5 Re6 28. Rxe6 Kxe6 29. a4 g5 30. Kf2 h5 31. h4 g4 32.
Ke3 Kf6 33. Kf4 Ke6 34. a5 1-0

[Event "*** Titled Tuesday 3|2 Blitz"]
[Site "Chess.com"]
[Date "2017.03.07"]
[Round "8"]
[White "Outsmiter"]
[Black "AnthonyWirig"]
[Result "0-1"]
[WhiteElo "2104"]
[BlackElo "2547"]
[TimeControl "180+2"]
[EndTime "14:50:43 PST"]
[Termination "AnthonyWirig won by resignation"]

1. e4 c5 2. Nc3 Nc6 3. f4 e6 4. Nf3 d5 5. Bb5 Ne7 6. d3 a6 7. Bxc6+ Nxc6 8. O-O Be7 9. Qe1 O-O 10.
Kh1 Kh8 11. a3 b5 12. Bd2 Rb8 13. Ne5 Nd4 14. Rc1 f6 15. Ng4 b4 16. axb4 cxb4 17.
Ne2 dxe4 18. dxe4 Bb7 19. Ng3 b3 20. cxb3 Nxb3 21. Rd1 Nxd2 22. Rxd2 Qe8 23. f5 e5 24.
Ne3 Bb4 25. Qe2 Bxd2 26. Qxd2 Qa4 27. Nh5 Rbd8 28. Qc1 Rc8 29. Qe1 Qxe4 30. Qg3 Rf7 31. Rd1 a5 32. Ra1 a4 33. h3 Rg8 34. Qf2 Bc6 35. Ng3 Qf4 36. Rf1 Qxf2 37. Rxf2 Rb8 38. Rc2 Be8 39. Rd2 Rd7 40. Rc2 Rd3 41. Ngf1 h6 42. Kg1 Rdb3 43. Nd1 Bb5 44. Nd2 Be2 45. Nxb3 Bxd1 46. Rd2 Bxb3 47. Kf2 Kh7 48. Kg3 Rb4 49.
h4 Rf4 0-1

[Event "*** Titled Tuesday 3|2 Blitz"]
[Site "Chess.com"]
[Date "2017.03.07"]
[Round "8"]
[White "WanderingPuppet"]
[Black "chessking2151"]
[Result "0-1"]
[WhiteElo "2329"]
[BlackElo "2391"]
[TimeControl "180+2"]
[EndTime "14:50:50 PST"]
[Termination "chessking2151 won on time"]

1. e4 e5 2. Nf3 Nc6 3. Bb5 f5 4. d4 fxe4 5. Nxe5 Nxe5 6. dxe5 c6 7.
Nc3 cxb5 8. O-O d5 9. Nxd5 Be6 10. c4 Rc8 11. Be3 bxc4 12. Qa4+ Qd7 13. Qxd7+ Kxd7 14. Nf4 Bc5 15. Rfd1+ Ke7 16. Bxc5+ Rxc5 17. Rd6 Rxe5 18.
Rad1 Nf6 19. h3 Rc8 20. g4 Rc6 21. Rd8 Nd7 22. Nxe6 Rd6 23. Rxd6 Kxd6 24. Nf4 Ke7 25. Rh8 Nf6 26. Ra8 Ra5 27. a3 a6 28. Rc8 g5 0-1

[Event "*** Titled Tuesday 3|2 Blitz"]
[Site "Chess.com"]
[Date "2017.03.07"]
[Round "8"]
[White "daro94"]
[Black "GMMelik"]
[Result "0-1"]
[WhiteElo "2674"]
[BlackElo "2447"]
[TimeControl "180+2"]
[EndTime "14:50:51 PST"]
[Termination "GMMelik won on time"]

1. e4 e5 2. Nf3 Nc6 3. Bb5 f5 4.
d3 fxe4 5. dxe4 Nf6 6. O-O Bc5 7. Bxc6 bxc6 8. Nxe5 O-O 9. Nd3 Nxe4 10. Nxc5 Nxc5 11. Be3 Ne6 12. Nd2 c5 13. Nb3 Bb7 14.
Qg4 Rf6 15. f3 Rg6 16. Qf5 Qh4 17. Bf2 Qh6 18. Bxc5 Rg5 19. Qd3 Nxc5 20. Nxc5 Rxc5 21. Qxd7 Rxc2 22. Rae1 Qb6+ 23. Kh1 h6 24. Re8+ Rxe8 25. Qxe8+ Kh7 26. b3 Qf2 27. Rg1 Qxf3 0-1

[Event "*** Titled Tuesday 3|2 Blitz"]
[Site "Chess.com"]
[Date "2017.03.07"]
[Round "8"]
[White "SabinaFoisor"]
[Black "Jadeit90"]
[Result "1-0"]
[WhiteElo "2185"]
[BlackElo "2136"]
[TimeControl "180+2"]
[EndTime "14:51:10 PST"]
[Termination "SabinaFoisor won by resignation"]

1. d4 g6 2. c4 Bg7 3. Nc3 c5 4.
d5 d6 5. e4 Nf6 6. Nf3 O-O 7.
Be2 e6 8. O-O exd5 9. cxd5 Na6 10.
Nd2 Nc7 11. a4 Rb8 12. h3 a6 13. Nc4 b5 14. axb5 axb5 15. Na5 Bb7 16. Nxb5 Nxb5 17.
Bxb5 Bxd5 18. Nc6 Bxc6 19. Bxc6 Qb6 20. Bd5 Nxd5 21. Qxd5 Rfe8 22. Rb1 Re5 23. Qd3 Rbe8 24. Bf4 Rxe4 25. Qxd6 Qb3 26. Bg3 Bd4 27. Kh2 Re2 28. Qc6 R8e6 29. Qa8+ Kg7 30. Qa3 Qd5 31. b4 c4 32.
Rbd1 Qe4 33. b5 c3 34. Qb4 Bxf2 35. Qxc3+ f6 36. Rxf2 Re3 37. Qc7+ Re7 38. Rd7 Rxd7 39.
Qxd7+ Kh6 40. Qc6 Rxg3 41. Qxe4 1-0

[Event "*** Titled Tuesday 3|2 Blitz"]
[Site "Chess.com"]
[Date "2017.03.07"]
[Round "8"]
[White "FearlessKing64"]
[Black "Rock700chess"]
[Result "0-1"]
[WhiteElo "2103"]
[BlackElo "2248"]
[TimeControl "180+2"]
[EndTime "14:51:15 PST"]
[Termination "Rock700chess won by checkmate"]

1. e4 e5 2. Nf3 Nc6 3. Bc4 Bc5 4. b4 Bxb4 5. c3 Be7 6. d4 exd4 7. cxd4 Nf6 8. e5 d5 9. exf6 Bb4+ 10.
Bd2 dxc4 11. Bxb4 Nxb4 12. O-O Qxf6 13. Qa4+ Nc6 14. d5 Qxa1 15. dxc6 O-O 16. Qxc4 bxc6 17. Nc3 Qb2 18. Ne5 Be6 19. Qxc6 Rad8 20. Nf3 Rd6 21.
Qxc7 Rfd8 22. Ne4 Rd1 23. Ng3 Rxf1+ 24. Nxf1 Rd1 25. h3 h6 26. a4 Qb1 27. Nh2 Rc1 28. Qd8+ Kh7 29. g4 Bc4 30. Kg2 Bxf1+ 31. Kg3 Rc3+ 32.
f3 Qe1+ 33. Kf4 Rc4+ 34. Kf5 Qe6# 0-1

[Event "*** Titled Tuesday 3|2 Blitz"]
[Site "Chess.com"]
[Date "2017.03.07"]
[Round "8"]
[White "Robin-Side"]
[Black "capatl"]
[Result "1/2-1/2"]
[WhiteElo "2436"]
[BlackElo "2326"]
[TimeControl "180+2"]
[EndTime "14:51:17 PST"]
[Termination "Game drawn by repetition"]

1. d4 d5 2. Nc3 e6 3. e4 dxe4 4.
Nxe4 Nd7 5. Nf3 Ngf6 6. Bd3 Be7 7. Qe2 b6 8. c3 Bb7 9. Bd2 Nxe4 10. Bxe4 Bxe4 11. Qxe4 O-O 12. O-O c5 13. Rad1 Nf6 14.
Qe2 Qc7 15. Be3 Rfd8 16. dxc5 Bxc5 17. Bxc5 Qxc5 18. Rxd8+ Rxd8 19. Rd1 Rxd1+ 20. Qxd1 Nd5 21. g3 b5 22. Qd4 Qc7 23. h4 h6 24. Nd2 a6 25.
Ne4 Qa5 26. a3 Qc7 27. Qc5 Qe5 28. Qd4 Qxd4 29. cxd4 Nb6 30. Nc5 a5 31. b3 Kf8 32. Kg2 Ke7 33. Kf3 a4 34. bxa4 Nxa4 35. Nxa4 bxa4 36. Ke4 Kd6 37. Kd3 Kd5 38. Kc3 f5 39. f3 g5 40. hxg5 hxg5 41. Kd3 g4 42. f4 Kd6 43. Kc3 Kd5 44. Kd3 Kd6 45.
Kc4 Kc6 46. Kc3 Kd5 47. Kd3 Kd6 48. Kc3 Kd5 49. Kd3 Kd6 1/2-1/2

[Event "*** Titled Tuesday 3|2 Blitz"]
[Site "Chess.com"]
[Date "2017.03.07"]
[Round "8"]
[White "Schoenbrunn"]
[Black "Marreuh"]
[Result "0-1"]
[WhiteElo "1866"]
[BlackElo "2101"]
[TimeControl "180+2"]
[EndTime "14:51:19 PST"]
[Termination "Marreuh won on time"]

1. e4 c5 2. Nf3 d6 3. d4 cxd4 4.
Nxd4 Nf6 5. Nc3 a6 6. Bg5 Nbd7 7.
Qe2 h6 8. Bh4 g6 9. f4 e5 10.
fxe5 dxe5 11. O-O-O Qc7 12. Nb3 b5 13. Nd5 Nxd5 14.
exd5 Bg7 15. Qd2 Qd6 16. Kb1 O-O 17. c4 bxc4 18. Bxc4 Nb6 19. Na5 Bf5+ 20. Ka1 Rfc8 21. Bb3 Rc5 22. Nc6 Nc4 23. Bxc4 Rxc4 24. Ne7+ Kh7 25.
Nxf5 gxf5 26. Bf2 e4 27. Rc1 Rb4 28. Rc2 Rab8 29. Rb1 R4b5 30. g4 fxg4 31. Qe3 Qxd5 32. Rd2 Qe5 0-1

[Event "*** Titled Tuesday 3|2 Blitz"]
[Site "Chess.com"]
[Date "2017.03.07"]
[Round "8"]
[White "IMcoach"]
[Black "DryCounty"]
[Result "0-1"]
[WhiteElo "2317"]
[BlackElo "2502"]
[TimeControl "180+2"]
[EndTime "14:51:21 PST"]
[Termination "DryCounty won by resignation"]

1. e4 c5 2. Nc3 Nc6 3. Bb5 Nd4 4.
a4 g6 5. Nf3 Bg7 6. O-O e6 7.
Nxd4 cxd4 8. Ne2 Ne7 9. d3 O-O 10. a5 d5 11. exd5 exd5 12. a6 b6 13. Nf4 Qd6 14.
Re1 Nc6 15. Bd2 Bd7 16. Qf3 Ne5 17. Qxd5 Qxd5 18. Nxd5 Bxb5 19. Nc7 Rfc8 20. Nxb5 Rxc2 21. Bg5 Rxb2 22. Rab1 Rxb1 23. Rxb1 Nxd3 24. Rd1 Nc5 25. Nxd4 Bxd4 26. Rxd4 Nxa6 27. h4 Nc5 28. Be7 Ne6 29.
Rd7 a5 30. g4 h6 31. Kg2 g5 32. hxg5 hxg5 33. Kf3 a4 34. Ba3 Kg7 35. Ke4 Ra5 36. Rd6 Rb5 37. Rd3 Nc5+ 38. Bxc5 Rxc5 39. Rd6 Ra5 40. Rxb6 a3 41. Rb1 a2 42. Ra1 Kf6 43.
f4 Ra4+ 44. Ke3 gxf4+ 45. Kf3 Kg5 0-1

[Event "*** Titled Tuesday 3|2 Blitz"]
[Site "Chess.com"]
[Date "2017.03.07"]
[Round "8"]
[White "GianmarcoVaR"]
[Black "Hikaru"]
[Result "0-1"]
[WhiteElo "2448"]
[BlackElo "2909"]
[TimeControl "180+2"]
[EndTime "14:51:23 PST"]
[Termination "Hikaru won on time"]

1. d4 d5 2. Nf3 Nf6 3. c4 e6 4. g3 Bb4+ 5. Bd2 Be7 6. Bg2 O-O 7.
O-O c6 8. Qc2 Ne4 9. Rd1 Nd7 10.
b3 f5 11. Bc1 Bf6 12. Bb2 b5 13. cxd5 cxd5 14. Qc6 Nb6 15. Qxb5 a5 16. Nc3 Ba6 17. Qc6 Re8 18. Na4 Nxa4 19. Qxa4 Qb6 20. Bf1 Bb5 21. Qa3 Be7 22. b4 axb4 23. Qe3 Bd6 24. Ne5 Bxe5 25. dxe5 Qxe3 26. fxe3 Rec8 27. Bd4 Nc3 28. Rd2 b3 29.
Rb2 Rxa2 30. Rbxa2 bxa2 31. Bxc3 Rxc3 32. Rxa2 Rxe3 33.
Ra5 Bc4 34. Kf2 Rxe5 35. Bg2 Rxe2+ 36. Kf3 g5 37. Bf1 Rxh2 38. Bxc4 dxc4 39. Rc5 Rc2 40. Rc7 h5 41. Ke3 h4 42. gxh4 gxh4 43. Kf4 h3 44. Kg5 Rg2+ 45. Kf6 h2 46. Rc8+ Kh7 47. Rc7+ Kh8 48.
Rc8+ Rg8 0-1

[Event "*** Titled Tuesday 3|2 Blitz"]
[Site "Chess.com"]
[Date "2017.03.07"]
[Round "8"]
[White "vpantev"]
[Black "olomi007"]
[Result "1-0"]
[WhiteElo "2474"]
[BlackElo "2479"]
[TimeControl "180+2"]
[EndTime "14:51:25 PST"]
[Termination "vpantev won by resignation"]

1. d4 Nf6 2. Nf3 g6 3. Bf4 Bg7 4. e3 d6 5. Be2 O-O 6. O-O b6 7.
c4 Bb7 8. Nc3 Ne4 9. Nxe4 Bxe4 10.
Nd2 Bb7 11. Bf3 Qc8 12. Bg3 Nd7 13. Qa4 Bxf3 14. Nxf3 c5 15. Rfd1 Qc7 16. Rac1 Nf6 17. a3 Ne4 18. b4 a5 19. b5 Rac8 20. Qb3 f5 21. d5 g5 22. Qd3 Qd7 23. Nd2 Nf6 24.
a4 Rf7 25. f3 Rcf8 26. Rf1 Qc8 27. Rce1 Nd7 28. Kh1 Qe8 29. f4 h6 30. Nf3 g4 31.
Nd2 Rf6 32. e4 fxe4 33. Nxe4 Qg6 34. Nxf6+ Qxf6 35. Qe4 Rf7 36. Qe6 Nf8 37. Qxg4 Qd4 38. Qe2 Bf6 39. f5 Nd7 40. Rf4 Qc3 41. Rg4+ Kh7 42.
Qe3 Qxe3 43. Rxe3 Bd4 44. Re1 Ne5 45. Bxe5 dxe5 46. Rf1 h5 47. Re4 Kh6 48. g3 Kg5 49. Kg2 Rxf5 50. h4+ Kg6 51. Rxf5 Kxf5 52. Kf3 Kg6 53.
g4 Bc3 54. g5 Bb2 55. Re2 Bd4 56. Ke4 Bc3 57. Rf2 Kg7 58. Rf5 Be1 59. Rxe5 Bxh4 60. Kf5 1-0

[Event "*** Titled Tuesday 3|2 Blitz"]
[Site "Chess.com"]
[Date "2017.03.07"]
[Round "8"]
[White "CM_Perligero"]
[Black "Beca95"]
[Result "0-1"]
[WhiteElo "2149"]
[BlackElo "2689"]
[TimeControl "180+2"]
[EndTime "14:51:31 PST"]
[Termination "Beca95 won by resignation"]

1. e4 g6 2. Nf3 Bg7 3. g3 c6 4. Bg2 d5 5. exd5 cxd5 6. O-O Nc6 7.
d3 Nf6 8. Nc3 O-O 9. Bg5 h6 10.
Bd2 e5 11. Re1 Re8 12. h3 b6 13. Kh2 Bb7 14. Nh4 Rc8 15. Qc1 Kh7 16. f4 exf4 17.
Bxf4 Rxe1 18. Qxe1 g5 19. Bxg5 hxg5 20. Nf5 Qd7 21. Qf2 Bh8 22. Rf1 Ne5 23. Qd4 Re8 24. a4 Bc6 25. b3 Ng6 26. Qf2 Ne5 27.
Qd2 d4 28. Ne4 Nxe4 29. dxe4 f6 30. Nxd4 Bb7 31. c3 Bg7 32. Qe2 Rd8 33. Qh5+ Kg8 34. Nf5 Qf7 35. Qe2 Bf8 36. c4 Rd3 37. b4 g4 38. h4 Qxc4 39. h5 Qc3 40. Qf2 Nf3+ 41.
Bxf3 gxf3 42. Nh4 Rd2 43. Nxf3 Rxf2+ 44. Rxf2 Bxe4 45. Nh4 Qe3 0-1

[Event "*** Titled Tuesday 3|2 Blitz"]
[Site "Chess.com"]
[Date "2017.03.07"]
[Round "8"]
[White "politeplayer"]
[Black "proxy6"]
[Result "0-1"]
[WhiteElo "2029"]
[BlackElo "2164"]
[TimeControl "180+2"]
[EndTime "14:51:40 PST"]
[Termination "proxy6 won by resignation"]

1. e4 e5 2. d4 exd4 3. c3 dxc3 4. Nxc3 d6 5. Nf3 Nf6 6. Bc4 Be7 7. Qb3 O-O 8. e5 Ng4 9. e6 fxe6 10. Bxe6+ Kh8 11.
Bxc8 Qxc8 12. Bg5 Bxg5 13. Nxg5 Qe8+ 14. Ne2 Rxf2 15. Qc2 g6 16. Qc3+ Rf6 17. Rf1 Nd7 18. h3 Nge5 19. O-O-O Qe7 20. Ne4 Rxf1 21. Rxf1 Nb6 22.
Kb1 c6 23. h4 Rf8 24. Rd1 Nd5 25. Qc2 Kg8 26. Nd4 Kh8 27. Ng5 Ne3 28. Qd2 Nxd1 29.
Qxd1 Qf6 30. Nde6 Qf1 31. Qxf1 Rxf1+ 32. Kc2 Rf2+ 33. Kc3 Rxg2 34. Nd8 b6 35. Ndf7+ Nxf7 36. Nxf7+ Kg7 0-1

[Event "*** Titled Tuesday 3|2 Blitz"]
[Site "Chess.com"]
[Date "2017.03.07"]
[Round "8"]
[White "poummba"]
[Black "P0ubelle"]
[Result "1-0"]
[WhiteElo "2350"]
[BlackElo "2046"]
[TimeControl "180+2"]
[EndTime "14:51:41 PST"]
[Termination "poummba won by resignation"]

1. d4 Nf6 2. c4 g6 3. Nc3 Bg7 4.
e4 d6 5. Nf3 O-O 6. Be2 e5 7. O-O Nc6 8. dxe5 Nxe5 9. Nxe5 dxe5 10. Be3 c6 11. Qa4 Ng4 12. Bc5 Re8 13. h3 Nf6 14. Rfd1 Qc7 15. Bd6 Qb6 16. Qc2 c5 17.
Na4 Qc6 18. Nxc5 b6 19. Nb3 Nxe4 20. Bf3 f5 21. c5 Bb7 22. Rac1 Rad8 23. Bxe4 fxe4 24.
Qe2 Kh8 25. cxb6 Qxb6 26. Nc5 Rxd6 27. Rxd6 Qxd6 28. Nxb7 Qd3 29. Re1 Qxe2 30. Rxe2 Rb8 31. Nc5 a5 32. Nxe4 Kg8 33. Nc5 e4 34. b3 Re8 35. Rxe4 Rxe4 36. Nxe4 Kf7 37. Kf1 Ke6 38.
Ke2 Kd5 39. Kd3 h6 40. f4 Bb2 41. g4 Bg7 42. Nd2 Kc5 43. Nc4 Kb4 44. Ne5 Ka3 45. Nxg6 Kxa2 46. Kc4 Ka3 47. h4 a4 48. bxa4 Kxa4 49.
g5 hxg5 50. hxg5 Ka5 51. f5 Kb6 52. f6 Bxf6 1-0

[Event "*** Titled Tuesday 3|2 Blitz"]
[Site "Chess.com"]
[Date "2017.03.07"]
[Round "8"]
[White "igorkovalenko"]
[Black "GGuseinov"]
[Result "0-1"]
[WhiteElo "2695"]
[BlackElo "2685"]
[TimeControl "180+2"]
[EndTime "14:51:43 PST"]
[Termination "GGuseinov won by resignation"]

1. c4 g6 2. d4 Bg7 3. e4 d6 4.
Nc3 Nf6 5. Nf3 O-O 6. h3 e5 7. d5 Nh5 8. Be3 Na6 9. a3 f5 10. b4 Nf4 11. Rc1 c5 12. dxc6 bxc6 13. g3 Ne6 14. exf5 gxf5 15. Bg2 f4 16. Bd2 d5 17. cxd5 cxd5 18. gxf4 e4 19. Ne5 Nac7 20.
Qb3 Nxf4 21. Bxf4 Rxf4 22. Nc6 Qh4 23. Rc2 Kh8 24. Nxd5 Be6 25. Nce7 Nxd5 26. Nxd5 Bd4 27. Qc4 e3 28. Qc6 Rxf2 29. Kd1 Rc8 30. Qxc8+ Bxc8 31. Rxc8+ Kg7 32. Rc7+ Kh6 33. Rc6+ Kg5 34. Rg1 e2+ 35.
Kd2 e1=Q+ 36. Kxe1 Rxg2+ 0-1

[Event "*** Titled Tuesday 3|2 Blitz"]
[Site "Chess.com"]
[Date "2017.03.07"]
[Round "8"]
[White "manubibi"]
[Black "iturrizaga"]
[Result "0-1"]
[WhiteElo "2401"]
[BlackElo "2632"]
[TimeControl "180+2"]
[EndTime "14:51:45 PST"]
[Termination "iturrizaga won by resignation"]

1. e4 c5 2. Nf3 g6 3. d4 cxd4 4.
Nxd4 Nc6 5. c4 Nf6 6. Nc3 d6 7. Be2 Nxd4 8. Qxd4 Bg7 9. Be3 O-O 10. Qd2 a5 11.
O-O a4 12. Rac1 Qa5 13. Rfd1 Be6 14. f3 Rfc8 15. Nd5 Qxd2 16. Bxd2 Bxd5 17. cxd5 Nd7 18.
Bb5 Nc5 19. Rc2 a3 20. b4 Nb3 21. Rxc8+ Rxc8 22. Be3 Rc2 23. Ba4 Rxa2 24. Bxb3 Rb2 25. Rd3 b5 26. Bd2 f5 27. exf5 gxf5 28. Kf1 Kf7 29.
g4 fxg4 30. fxg4 Be5 31. h4 Kf6 32. h5 Rxb3 33. Rxb3 a2 34. Ra3 a1=Q+ 35. Rxa1 Bxa1 36. Ke2 Ke5 37. Kd3 Kxd5 38. g5 e5 39. Bc3 e4+ 40.
Kc2 Bxc3 41. Kxc3 Ke6 42. Kd4 d5 43. g6 hxg6 44. h6 Kf7 45. Kxd5 e3 46. h7 0-1

[Event "*** Titled Tuesday 3|2 Blitz"]
[Site "Chess.com"]
[Date "2017.03.07"]
[Round "8"]
[White "NTBT_DHS"]
[Black "wnstop"]
[Result "0-1"]
[WhiteElo "2544"]
[BlackElo "2472"]
[TimeControl "180+2"]
[EndTime "14:51:45 PST"]
[Termination "wnstop won by resignation"]

1. d4 Nf6 2. c4 g6 3. g3 Bg7 4.
Bg2 O-O 5. Nc3 d6 6. Nf3 Nbd7 7. O-O e5 8. b3 Re8 9. dxe5 dxe5 10. Bb2 c6 11. Nd2 Nc5 12. b4 Ne6 13. Nde4 Nxe4 14.
Nxe4 Qe7 15. Qd6 Nd4 16. e3 Nc2 17. Rad1 Bg4 18. f3 Be6 19. Bxe5 Qxd6 20. Nxd6 Bxe5 21.
Nxe8 Rxe8 22. Kf2 Bxc4 23. Rh1 Nxb4 24. f4 Bf6 25. e4 Be6 26. e5 Bd8 27. Bf3 Nxa2 28.
g4 Nc3 29. Rd3 Nd5 30. Kg3 Bc7 31. Re1 f6 32. Bxd5 Bxd5 33. Rc1 Bd8 34. Ra3 a5 35. exf6 Bxf6 36. Rc2 Bd8 37. h4 Bc7 38. h5 g5 39.
h6 Bxf4+ 40. Kh3 Re3+ 41. Rxe3 Bxe3 42. Re2 Bc5 43. Re8+ Kf7 44. Rb8 b5 45. Ra8 a4 46.
Ra6 a3 47. Kg3 a2 48. Ra8 Bd4 49. Ra7+ Bxa7 0-1

[Event "*** Titled Tuesday 3|2 Blitz"]
[Site "Chess.com"]
[Date "2017.03.07"]
[Round "8"]
[White "afgano29"]
[Black "macko06"]
[Result "0-1"]
[WhiteElo "2399"]
[BlackElo "2346"]
[TimeControl "180+2"]
[EndTime "14:51:45 PST"]
[Termination "macko06 won by resignation"]

1. e4 e5 2. Nf3 Nc6 3. Bb5 a6 4.
Ba4 Nf6 5. O-O Be7 6. Re1 b5 7. Bb3 d6 8. c3 O-O 9. h3 Bb7 10.
d4 Nd7 11. Be3 Re8 12. Nbd2 exd4 13. cxd4 Bf6 14. a3 Na5 15. Ba2 c5 16. b4 Nc6 17.
bxc5 dxc5 18. d5 Nce5 19. Nxe5 Bxe5 20. Rb1 Qa5 21. a4 Rab8 22. Qc2 c4 23. f4 Bd6 24. e5 Bc5 25. Bxc5 Nxc5 26. Bxc4 bxc4 27. Nxc4 Qxa4 28. Qxa4 Nxa4 29. Nd6 Bxd5 30. Nxe8 Rxe8 31. Rec1 a5 32. Rb5 Be6 33. g4 g6 34. Rxa5 Nb2 35. Rc3 Nc4 36. Rc5 Nb6 37. Rd3 h5 38. Rg3 Kh7 39. Kf2 Ra8 40. Rc2 Nd5 41. f5 gxf5 42. gxf5 Bxf5 43. Rd2 Be6 44. Rg5 Kh6 45. h4 Ra4 46. Kg3 Ra3+ 47.
Kh2 Nf4 48. Rf2 Rh3+ 49. Kg1 Rxh4 50. Rg7 0-1

[Event "*** Titled Tuesday 3|2 Blitz"]
[Site "Chess.com"]
[Date "2017.03.07"]
[Round "8"]
[White "jk13"]
[Black "GMCanty"]
[Result "0-1"]
[WhiteElo "2483"]
[BlackElo "2358"]
[TimeControl "180+2"]
[EndTime "14:51:48 PST"]
[Termination "GMCanty won by resignation"]

1. e4 c5 2. c3 g6 3. Nf3 Bg7 4. Bc4 e6 5. d4 cxd4 6. O-O Ne7 7. Bg5 O-O 8. cxd4 f6 9. Be3 d5 10.
exd5 exd5 11. Bb3 Kh8 12. Nc3 Nbc6 13. h3 Be6 14. Re1 Bf7 15. Qd2 Nf5 16. Bf4 g5 17. Bh2 Na5 18. Qd3 Nxb3 19. axb3 Nd6 20. Nd2 Bg6 21.
Qf3 Nf5 22. Qd3 a6 23. Nf1 Qd7 24. Na4 Qb5 25. Qxb5 axb5 26. Nb6 Rxa1 27. Rxa1 Nxd4 28. Nxd5 Nxb3 29. Ra7 Be4 30. Nb6 f5 31. Bd6 Rd8 32.
Be7 Re8 33. Bxg5 Bxb2 34. Be3 Bd4 35. Bxd4+ Nxd4 36. f3 Bc6 37. Ra2 Re1 38. Kf2 Rb1 39. Nd2 Rd1 40. Ke3 Ne6 41. Rb2 f4+ 42. Ke2 Rg1 43. Kf2 Rc1 44. Ne4 Kg7 45. Nd6 Nc5 46. Ke2 Rg1 47. Kf2 Rd1 48. Ke2 Rxd6 0-1